Match 46639680
Unlisted

Match 46639680
End
Panzergrenadier Squad
Panzergrenadier Squad
Panzergrenadier Squad
Construct Light Support Kompanie
Fire Support Elements
MG34 Team
2.5-tonne Medical Truck
Pak 38 Mechanized Group
Flakvierling Half-track
Selects Armored Support Battlegroup
Selects Veteran Gunners
Combat Half-tracks
Vehicle Survival Package
Panzerpioneer Squad
Selects Flammpanzer III Medium Tank
Flammpanzer III Medium Tank
Pak 38 Mechanized Group
Construct Panzerarmee Kommand
Assault Mechanized Group
Panzerpioneer Squad
Sad Pepe
gio_misro
Tixi
lifelock64
0
0

Comments sign in to comment!

No comments posted yet!